 Dungeon Crawl Stone Soup version 0.30-a0-937-ga0a21ad780 (webtiles) character file.

Game seed: 2036636466142552819

133 FexLirch the Digger (level 5, -1/38 HPs)
             Began as a Meteoran Earth Elementalist on Mar 24, 2023.
             Was an Initiate of Kikubaaqudgha.
             Killed from afar by an orc wizard (5 damage)
             ... with a puff of flame
             ... on level 4 of the Dungeon.
             The game lasted 00:03:16 (287 turns).

FexLirch the Digger (Meteoran Earth Elementalist)    Turns: 287, Time: 00:03:17

Health: -1/38      AC:  2    Str: 10    XL:     5   Next: 68%
Magic:  3/12       EV: 12    Int: 18    God:    Kikubaaqudgha [......]
Gold:   56         SH:  0    Dex: 14    Spells: 6/12 levels left

rFire   . . .      SeeInvis .    d - +0 long sword
rCold   . . .      Faith    .    (no shield)
rNeg    . . .      Spirit   .    a - +0 robe
rPois   .          Reflect  .    (no helmet)
rElec   .          Rampage  .    (no cloak)
rCorr   .                        (no gloves)
Will    .....                    (no boots)
Stlth   +                        (no amulet)
HPRegen 0.26/turn                (no ring)
MPRegen 0.13/turn                (no ring)

@: confused, brilliant, glowing
A: sense surroundings 1, otherworldly, glowing, explore regen
a: Renounce Religion


You were on level 4 of the Dungeon.
You worshipped Kikubaaqudgha.
Kikubaaqudgha was noncommittal.
You visited 1 branch of the dungeon, and saw 4 of its levels.

You collected 56 gold pieces.

Inventory:

Hand Weapons
 d - a +0 long sword (weapon)
Missiles
 e - 8 stones
Armour
 a - a +0 robe (worn)
 f - a +0 leather armour
Scrolls
 g - a scroll of identify {unknown}
Potions
 b - 2 potions of magic


   Skills:
 - Level 2.4 Dodging
 - Level 1.4 Stealth
 + Level 4.0 Spellcasting
 + Level 2.6 Conjurations
 + Level 1.9 Necromancy
 - Level 1.2 Transmutations
 + Level 4.7 Earth Magic


You had 6 spell levels left.
You knew the following spells:

 Your Spells              Type           Power      Damage    Failure   Level
a - Sandblast             Erth           62%        2d14      1%          1
b - Passwall              Tmut/Erth      17%        N/A       6%          2
c - Stone Arrow           Conj/Erth      50%        3d10      10%         3

Your spell library contained the following spells:

 Spells                   Type           Power      Damage    Failure   Level
 Petrify                  Tmut/Erth      21%        N/A       38%         4
 Borgnjor's Vile Clutch   Necr/Erth      11%        N/A       71%         5
 Alistair's Intoxication  Tmut/Pois      5%         N/A       97%         5
 Eringya's Noxious Bog    Tmut/Pois      4%         N/A       100%        6


Dungeon Overview and Level Annotations

Branches:
Dungeon (4/15) Zot: 2091
 Temple: D:4-7

Altars:
Ashenzari
Kikubaaqudgha


Innate Abilities, Weirdness & Mutations

You passively map a small area around you.
You are easily found by Zot.
You glow in the dark.
You regain HP and MP as you explore.


Message History

You hit the quokka but do no damage. The quokka completely misses you.
Something hits you. The quokka bites you.
You miss the quokka. Something hits you. The quokka misses you.
Casting: Sandblast (safe; 1% risk of failure)
Confirm with . or Enter, or press ? or * to list all spells.
Aiming: Sandblast (safe; 1% risk of failure)
Press: ? - help, Shift-Dir - straight line The blast of sand hits something!
The quokka bites you. Something hits you but does no damage.
The quokka closely misses you.
You hear some strange, mumbled words.
You are confused.
You bump into the rock wall.
The quokka bites you.
You hear some strange, mumbled words.
A puff of flame appears from out of thin air!
The puff of flame hits you!
It was a potion of brilliance.
You feel clever all of a sudden. The quokka barely misses you.
Something hits you.
* * * LOW HITPOINT WARNING * * *
You're too confused to cast spells.
Unknown command.
Unknown command.
Okay, then.
Unknown command.
You closely miss something. The quokka bites you.
* * * LOW HITPOINT WARNING * * *
Something hits you.
* * * LOW HITPOINT WARNING * * *
The quokka barely misses you.
You bump into the rock wall.
The quokka misses you. Something hits you.
* * * LOW HITPOINT WARNING * * *
You completely miss something. The quokka completely misses you.
Something hits you.
* * * LOW HITPOINT WARNING * * *
The quokka barely misses you.
You hear some strange, mumbled words.
A puff of flame appears from out of thin air!
The puff of flame hits you.
You die...
Kikubaaqudgha rasps: "You have failed me!
Welcome... death!"

#.###†..#
#.# #).## *
..# #..##
####*#...##
, #..#..##
* *
,..).###..#
* , #####
##.# * *
#.### *
#{@)# * ,*
. ###r.# ,
* # **#....
# , ....).
# * ##... #
* , * .. .
, , , * * .
# * * * # *


You could see a quokka.

Vanquished Creatures
  A scorpion (D:4)
  An orc wizard (D:4)
  2 adders
  A worm (D:2)
  A dart slug (D:3)
  3 orcs (D:4)
  A bat (D:2)
  6 endoplasms
  2 giant cockroaches
  5 goblins
  A hobgoblin (D:2)
  2 kobolds
26 creatures vanquished.

Notes
Turn   | Place    | Note
-------+----------+-------------------------------------------
     0 | D:1      | FexLirch the Meteoran Earth Elementalist began the quest
                  | for the Orb.
     0 | D:1      | Reached XP level 1. HP: 14/14 MP: 5/5
    89 | D:2      | Reached skill level 1 in Conjurations
    89 | D:2      | Reached XP level 2. HP: 20/20 MP: 2/7
    98 | D:2      | Reached XP level 3. HP: 26/26 MP: 2/8
   108 | D:3      | Found an ancient bone altar of Kikubaaqudgha.
   118 | D:3      | Became a worshipper of Kikubaaqudgha
   152 | D:3      | Found a broken altar of Ashenzari.
   211 | D:3      | Learned a level 2 spell: Passwall
   215 | D:3      | Learned a level 3 spell: Stone Arrow
   260 | D:4      | Noticed a scorpion
   261 | D:4      | Reached XP level 4. HP: 31/33 MP: 6/10
   263 | D:4      | Killed a scorpion
   264 | D:4      | Reached skill level 1 in Necromancy
   264 | D:4      | Reached XP level 5. HP: 37/38 MP: 1/11
   287 | D:4      | Killed from afar by an orc wizard

Illustrated notes

Levels and vault maps discovered:
D:1:      roderic_dead_forest, layout_basic, serial_glass, glass_columns_a,
          glass_columns_a
D:2:      layout_rooms, basic_altar
D:3:      minmay_evil_eye, layout_basic, mainiacjoe_overflow_catch_the_wave,
          kennysheep_cross_room, uniq_ijyb
D:4:      layout_rooms

Skill      XL: |  1  2  3  4  5 |
---------------+----------------+-----
Spellcasting   | 3 4 |  4.0
Conjurations   | 1 2 |  2.6
Earth Magic    | 4 |  4.7
Necromancy     | 1 |  1.9
Dodging        | |  2.4
Stealth        | |  1.4
Transmutations | |  1.2

Action                     |  1- 3 |  4- 6 || total
---------------------------+-------+-------++-------
  Melee: Long sword        |     3 |     6 ||     9
   Cast: Sandblast         |    30 |     7 ||    37
         Stone Arrow       |       |     1 ||     1
    Use: Potion            |       |     1 ||     1
 Armour: Robe              |     1 |     3 ||     4
  Dodge: Dodged            |     6 |    12 ||    18

Table legend: (Time is in decaauts)
 A = Elapsed time spent in this place.
 B = Non-inter-level travel time spent in this place.
 C = Inter-level travel time spent in this place.
 D = Time resting spent in this place.
 E = Time spent auto-exploring this place.
 F = Levels seen in this place.
 G = Mean time per level.
                   A        B        C        D        E       F      G
               +--------+--------+--------+--------+--------+-----+--------+
         Total |    307 |    307 |      0 |      0 |      0 |   4 |   76.8 |
       Dungeon |    307 |    307 |      0 |      0 |      0 |   4 |   76.8 |
               +--------+--------+--------+--------+--------+-----+--------+

Top non-repeatable levels by time:
     D:3: 124 daAuts
     D:2: 85 daAuts
     D:4: 66 daAuts
     D:1: 30 daAuts
